 Dungeon Crawl Stone Soup version 0.25-b1-23-ge2ad7d536c (webtiles) character file.

Game seed: 13027680115093365107, levelgen mode: deterministic

390568 DDFiAutism the Executioner (level 21, -3/187 HPs)
             Began as a Deep Dwarf Fighter on May 31, 2020.
             Was the Champion of Makhleb.
             Slain by a red draconian monk (13 damage)
             ... on level 2 of the Realm of Zot.
             The game lasted 01:09:10 (25608 turns).

DDFiAutism the Executioner (Deep Dwarf Fighter)    Turns: 25608, Time: 01:09:11

Health: -3/187     AC: 20    Str: 31    XL:     21   Next: 74%
Magic:  0/22 (13)  EV: 13    Int: 10    God:    Makhleb [******]
Gold:   4756       SH: 23    Dex: 14    Spells: 20/20 levels left

rFire    + + +     SeeInvis .   y - +11 broad axe "Undertaker" {vorpal, rF+}
rCold    + + +     Gourm    .   p - +2 tower shield
rNeg     + . .     Faith    .   n - +2 chain mail "Soizesu" {rC++}
rPois    +         Spirit   .   k - +2 hat
rElec    +         Reflect  .   t - +2 cloak {Stlth+}
rCorr    .         Harm     .   Z - +2 pair of gloves of the Evening {rElec MP+9 Stlth+}
MR       ++++.                  b - +1 pair of boots of Erutrielonn {*Contam MR+ Stlth+}
Stlth    ..........             R - amulet "Alycu" {Acrobat rF++ rC+ Str-4 Dex+2}
HPRegen  0.00/turn              G - +6 ring of strength
MPRegen  0.18/turn              Y - ring of poison resistance

@: corroded, non-regenerating
A: damage resistance, heal wounds, negative energy resistance 1, sense
surroundings 3, no regeneration
}: 3/15 runes: decaying, serpentine, slimy
a: Heal Wounds, Minor Destruction, Lesser Servant of Makhleb, Major Destruction,
Greater Servant of Makhleb, Renounce Religion


You were on level 2 of the Realm of Zot.
You worshipped Makhleb.
Makhleb was exalted by your worship.
You were not hungry.

You visited 10 branches of the dungeon, and saw 46 of its levels.
You visited the Abyss 1 time.
You visited 1 bazaar.
You also visited: Gauntlet.

You collected 6698 gold pieces.
You spent 1942 gold pieces at shops.

Inventory:

Hand Weapons
 a - a +8 broad axe of electrocution
 y - the +11 broad axe "Undertaker" (weapon) {vorpal, rF+}
   (You found it on level 3 of the Elven Halls)

   It inflicts extra damage upon your enemies.
   It protects you from fire.
Missiles
 d - 2 throwing nets {!f}
 X - 7 curare-tipped darts (quivered)
Armour
 b - the +1 pair of boots of Erutrielonn (worn) {*Contam MR+ Stlth+}
   (You found it on level 3 of the Elven Halls)

   It affects your resistance to hostile enchantments.
   It causes magical contamination when unequipped.
   It makes you more stealthy.
 k - a +2 hat (worn)
 n - the +2 chain mail "Soizesu" (worn) {rC++}
   (You found it on level 5 of the Pits of Slime)

   It greatly protects you from cold.
 p - a +2 tower shield (worn)
 t - a +2 cloak of stealth (worn)
 w - a +1 helmet of intelligence
 Z - the +2 pair of gloves of the Evening (worn) {rElec MP+9 Stlth+}
   (You bought it in a shop on level 2 of the Orcish Mines)

   It insulates you from electricity.
   It affects your magic capacity (+9).
   It makes you more stealthy.
Jewellery
 G - a +6 ring of strength (left hand)
 J - the ring "Silait" {rF+ rC+ Str-2 Int+2 Stlth+}
   (You found it on level 5 of the Pits of Slime)

   [ring of protection from fire]

   It affects your strength (-2).
   It affects your intelligence (+2).
   It protects you from fire.
   It protects you from cold.
   It makes you more stealthy.
 P - an uncursed ring of flight
 R - the amulet "Alycu" (around neck) {Acrobat rF++ rC+ Str-4 Dex+2}
   (You took it off a deep elf death mage on level 3 of the Elven Halls)

   [amulet of the acrobat]

   It helps you evade while moving and waiting.
   It affects your strength (-4).
   It affects your dexterity (+2).
   It greatly protects you from fire.
   It protects you from cold.
 Y - a ring of poison resistance (right hand)
Wands
 l - a wand of paralysis (21)
 m - a wand of clouds (4)
 x - a wand of acid (12)
 Q - a wand of disintegration (46)
 S - a wand of digging (5)
Scrolls
 c - 12 scrolls of identify {!r}
 h - 2 scrolls of blinking {!r}
 j - 4 scrolls of enchant armour {!r}
 o - 7 scrolls of teleportation {!r}
 s - 3 scrolls of fog {!r}
 z - 2 scrolls of fear {!r}
 A - 17 scrolls of remove curse {!r}
 E - a scroll of immolation {!r}
 O - 2 scrolls of magic mapping {!r}
 W - 4 scrolls of holy word {!r}
Potions
 e - 2 potions of heal wounds {!q}
 g - 4 potions of stabbing {!q}
 u - 10 potions of curing {!q}
 B - 3 potions of might {!q}
 C - 5 potions of lignification {!q}
 D - 4 potions of mutation {!q}
 F - 2 potions of magic {!q}
 K - 4 potions of flight {!q}
 L - 3 potions of ambrosia {!q}
 M - 2 potions of invisibility {!q}
 N - a potion of cancellation {!q}
 T - a potion of resistance {!q}
 U - 3 potions of brilliance {!q}
 V - 2 potions of berserk rage {!q}
Miscellaneous
 i - a tin of tremorstones (3/3)
 v - a lightning rod (4/4)
Comestibles
 f - 37 rations
 q - 8 chunks of flesh


   Skills:
 - Level 11.3 Fighting
 * Level 25.5 Axes
 - Level 9.3 Armour
 - Level 11.1 Dodging
 - Level 12.8 Shields
 - Level 18.5 Invocations
 + Level 21.3 Evocations


You had 20 spell levels left.
You didn't know any spells.
Your spell library contained the following spells:

 Spells                   Type           Power        Failure   Level  Hunger
 Apportation              Tloc           #.....       100%        1    ##.....
 Foxfire                  Conj/Fire      #...         100%        1    ##.....
 Magic Dart               Conj           #...         100%        1    ##.....
 Sandblast                Erth           #.....       100%        1    ##.....
 Sting                    Tmut/Pois      #...         100%        1    ##.....
 Summon Butterflies       Summ           #.......     100%        1    ##.....
 Summon Small Mammal      Summ           #...         100%        1    ##.....
 Blink                    Tloc           N/A          100%        2    ###....
 Call Imp                 Summ           #.......     100%        2    ###....
 Corpse Rot               Necr/Air       N/A          100%        2    ###....
 Passwall                 Tmut/Erth      #.......     100%        2    ###....
 Poisonous Vapours        Pois/Air       #.....       100%        2    ###....
 Searing Ray              Conj           #.....       100%        2    ###....
 Shroud of Golubria       Chrm/Tloc      #.....       100%        2    ###....
 Slow                     Hex            #.......     100%        2    ###....
 Call Canine Familiar     Summ           #.......     100%        3    ####...
 Confusing Touch          Hex            #.......     100%        3    ####...
 Conjure Flame            Conj/Fire      #.......     100%        3    ####...
 Dazzling Flash           Conj/Hex       #.....       100%        3    ####...
 Gell's Gravitas          Tloc           #.........   100%        3    ####...
 Ignite Poison            Fire/Tmut/Pois #.......     100%        3    ####...
 Inner Flame              Hex/Fire       #.......     100%        3    ####...
 Lesser Beckoning         Tloc           #.........   100%        3    ####...
 Mephitic Cloud           Conj/Pois/Air  #.......     100%        3    ####...
 Recall                   Summ/Tloc      N/A          100%        3    ####...
 Spider Form              Tmut/Pois      #.........   100%        3    ####...
 Stone Arrow              Conj/Erth      #.....       100%        3    ####...
 Summon Guardian Golem    Hex/Summ       #.......     100%        3    ####...
 Teleport Other           Tloc           #.......     100%        3    ####...
 Tukima's Dance           Hex            #.......     100%        3    ####...
 Vampiric Draining        Necr           #.........   100%        3    ####...
 Cause Fear               Hex            #.........   100%        4    #####..
 Dispel Undead            Necr           #.......     100%        4    #####..
 Fulminant Prism          Conj/Hex       #.........   100%        4    #####..
 Iskenderun's Mystic Bla  Conj/Tloc      #.......     100%        4    #####..
 Olgreb's Toxic Radiance  Pois           #.......     100%        4    #####..
 Passage of Golubria      Tloc           N/A          100%        4    #####..
 Petrify                  Tmut/Erth      #.......     100%        4    #####..
 Sticky Flame             Conj/Fire      #.......     100%        4    #####..
 Summon Ice Beast         Ice/Summ       #.......     100%        4    #####..
 Summon Lightning Spire   Summ/Air       #.......     100%        4    #####..
 Alistair's Intoxication  Tmut/Pois      #.......     100%        5    ######.
 Aura of Abjuration       Summ           #.........   100%        5    ######.
 Borgnjor's Vile Clutch   Necr/Erth      #.........   100%        5    ######.
 Fireball                 Conj/Fire      #.........   100%        5    ######.
 Lee's Rapid Deconstruct  Erth           #.........   100%        5    ######.
 Metabolic Englaciation   Hex/Ice        #.........   100%        5    ######.
 Silence                  Hex/Air        #.........   100%        5    ######.
 Summon Demon             Summ           #.........   100%        5    ######.
 Summon Forest            Summ/Tloc      #.........   100%        5    ######.
 Summon Mana Viper        Hex/Summ       #.......     100%        5    ######.
 Yara's Violent Unravell  Hex/Tmut       #.........   100%        5    ######.
 Death Channel            Necr           #.........   100%        6    #######
 Eringya's Noxious Bog    Tmut/Pois      #.........   100%        6    #######
 Hydra Form               Tmut           #.........   100%        6    #######
 Invisibility             Hex            #.......     100%        6    #######
 Shadow Creatures         Summ           N/A          100%        6    #######
 Starburst                Conj/Fire      #.........   100%        6    #######
 Statue Form              Tmut/Erth      #........    100%        6    #######
 Haunt                    Necr/Summ      #.........   100%        7    #######
 Malign Gateway           Summ/Tloc      #.........   100%        7    #######
 Monstrous Menagerie      Summ           #.........   100%        7    #######
 Ring of Flames           Chrm/Fire      #.........   100%        7    #######
 Summon Greater Demon     Summ           #.........   100%        7    #######
 Summon Hydra             Summ           #.........   100%        7    #######
 Borgnjor's Revivificati  Necr           #.........   100%        8    #######
 Death's Door             Chrm/Necr      #.........   100%        8    #######
 Discord                  Hex            #.........   100%        8    #######
 Ignition                 Fire           #.........   100%        8    #######
 Infestation              Necr           #.........   100%        8    #######
 Necromutation            Tmut/Necr      #.........   100%        8    #######
 Summon Horrible Things   Summ           #.........   100%        8    #######


Dungeon Overview and Level Annotations

Branches:
Dungeon (15/15)            Temple (1/1) D:5            Lair (5/6) D:11
  Swamp (4/4) Lair:3        Snake (4/4) Lair:4        Slime (5/5) Lair:5
    Orc (2/2) D:10            Elf (3/3) Orc:2        Vaults (0/5) D:13
 Depths (5/5) D:15            Zot (2/5) Depths:5    Gauntlet (visited)

Altars:
Dithmenos
Fedhas
Hepliaklqana
Kikubaaqudgha
Makhleb
Nemelex Xobeh
Okawaru
Qazlal
Ru
Sif Muna
Uskayaw
Vehumet
Yredelemnul
Zin
Beogh
Jiyva

Shops:
D:9 =   D:12 [([   D:14 ?   Orc:2 :[}[?   Elf:3 }   Snake:1 =   Depths:5 %%

Portals:
Hell: Depths:2 Depths:3
Abyss: Depths:2 Depths:4
Trove: Depths:2 (give +6 demon whip)

Annotations:
D:4 Sigmund
Lair:3 2 transporters, Befuwnopp's ghost, journeyman TrHu
Elf:2 3 runed translucent doors
Depths:3 exclusion: orange crystal statue


Innate Abilities, Weirdness & Mutations

You are resistant to damage.
You can heal yourself by infusing magical energy.
You resist negative energy. (rN+)
You passively map a large area around you.
You do not regenerate.


Message History

The green draconian hits you but does no damage.
The green draconian misses you.
Unknown command.
You hit the red draconian monk.
The red draconian monk is heavily wounded.
You slash the green draconian!
You kill the green draconian!
Makhleb accepts your kill.
Your tin of tremorstones (3/3) has regained one charge.
You block the red draconian monk's attack.
The red draconian monk kicks you.
* * * LOW HITPOINT WARNING * * *
You block the red draconian monk's attack.
A curse toe comes into view.
You feel you are being watched by something.
You slice the red draconian monk!!
The red draconian monk is severely wounded.
You hit something. The red draconian monk misses you.
The red draconian monk kicks you!
You die...

* * ##########
, #......... ,
, , ,
#......... , ,
, #......... ,,
,, , , ,
#......... ,,
,, * ,
#........? ,, *
,,, *
#)q).....z , *
* * #.@{......
,,,,, * * * *
+......... * ,
,, ...........
, * ,
,,....#+####...
,,, * ,
*..####* * .. ,
, , * . ,^ #* *
*, * , , * * *,
, **


You could see a red draconian monk (berserk) and a curse toe.

Vanquished Creatures
  the Royal Jelly (Slime:5)
  A juggernaut (Depths:4)
  A curse toe (Zot:1)
  Nikola (Swamp:1)
  A golden dragon (Zot:2)
  2 tentacled monstrosities (Zot:1)
  Jorgrun (D:15)
  2 liches
  4 deep elf master archers (Elf:3)
  A tentacled starspawn (Abyss:2)
  2 deep elf blademasters (Elf:3)
  20 acid blobs
  A thorn hunter (Swamp:4)
  Kirke (D:15)
  A storm dragon (Depths:2)
  5 tengu reavers
  4 death cobs (Zot:1)
  4 nagarajas (Snake:4)
  Donald (Orc:2)
  5 frost giants
  A draconian knight (Zot:1)
  11 azure jellies
  A ghost moth (Zot:1)
  9 fire giants
  6 deep elf sorcerers (Elf:3)
  2 draconian scorchers
  6 deep elf elementalists (Elf:3)
  3 draconian stormcallers (Zot:1)
  A draconian annihilator (Zot:1)
  Nessos (Orc:2)
  15 very ugly things
  2 green draconians
  9 stone giants
  A vampire knight (Depths:3)
  6 deep elf demonologists (Elf:3)
  12 deep elf annihilators (Elf:3)
  2 black draconians (Zot:1)
  2 white draconians (Zot:1)
  A spark wasp (Depths:2)
  4 red draconians
  3 ettins
  A purple draconian (Zot:1)
  2 yellow draconians
  Snorg (D:11)
  A minotaur (Gauntlet)
  5 deep elf death magi (Elf:3)
  7 fire dragons
  11 death oozes (Slime:5)
  A yaktaur captain (Depths:4)
  3 rakshasas (Depths:2)
  3 deep elf high priests (Elf:3)
  7 great orbs of eyes
  2 jiangshi (Depths:1)
  5 ice dragons
  Josephine (D:10)
  A ghost crab (Swamp:2)
  A vault guard (D:13)
  An ogre mage (Depths:3)
  15 hydras
  2 spriggan air magi
  9 naga warriors
  A shambling mangrove (Swamp:2)
  A catoblepas (Lair:2)
  5 anacondas
  7 alligators
  2 centaur warriors
  A deep troll shaman (Depths:4)
  7 dancing weapons
  3 deep troll earth magi
  2 spriggan berserkers
  11 two-headed ogres
  8 naga sharpshooters
  Urug (Lair:2)
  5 deep elf knights
  6 tengu warriors
  A vampire mage (Depths:1)
  5 spriggans
  A wretched star (Gauntlet)
  A shadow wraith (Depths:3)
  4 shock serpents
  2 salamander mystics
  9 skeletal warriors
  2 iron trolls (Depths:4)
  2 swamp dragons
  5 glowing orange brains
  3 flayed ghosts
  3 naga ritualists
  13 deep trolls
  4 unseen horrors
  9 deep elf archers
  A glowing orange brain (shapeshifter) (Depths:4)
  An orc knight (Orc:1)
  7 wizards
  A lindwurm (shapeshifter) (D:15)
  3 necromancers
  A stone giant zombie (Depths:2)
  An orb spider (shapeshifter) (Elf:3)
  31 ugly things
  A wolf spider (D:15)
  2 mana vipers
  A moth of wrath (shapeshifter) (Elf:3)
  22 deep elf magi
  2 manticores
  4 orc sorcerers
  3 cyclopes
  5 salamanders
  2 moths of wrath
  A frost giant zombie (Depths:2)
  A black mamba (shapeshifter) (Depths:2)
  13 black mambas
  A frost giant skeleton (Depths:2)
  An apocalypse crab (Abyss:2)
  2 centaur zombies (D:14)
  A smoke demon (Abyss:2)
  An orange demon (Abyss:2)
  An eye of devastation (Slime:5)
  11 naga magi
  3 gargoyles
  14 spiny frogs
  Maggie (D:10)
  A hellion (Abyss:2)
  2 kobold demonologists (D:11)
  2 komodo dragons
  An anaconda simulacrum (Depths:3)
  17 yaktaurs
  3 tengu conjurers
  An efreet (D:14)
  3 freezing wraiths (Swamp:4)
  A redback zombie (D:14)
  A hellwing (Abyss:2)
  2 spectral merfolk (Depths:3)
  9 trolls
  9 hornets
  4 tyrant leeches
  4 hippogriffs
  Grinder (D:6)
  A meliai zombie (D:15)
  7 blink frogs
  6 bog bodies
  8 raiju
  70 slime creatures
  A blink frog (shapeshifter) (Depths:4)
  2 centaur simulacra
  3 air elementals
  5 vampires
  3 wyverns
  An ettin skeleton (Abyss:2)
  8 shadows
  A spriggan (shapeshifter) (Elf:2)
  3 water elementals
  32 yaks
  9 wraiths
  A fire elemental (Elf:2)
  4 hogs (D:15)
  19 humans (D:13)
  A basilisk (Lair:5)
  3 golden eyes
  2 steam dragons (Gauntlet)
  Grum (D:10)
  3 hungry ghosts
  8 vampire mosquitoes
  2 swamp worm simulacra (Swamp:4)
  6 hydra simulacra (Swamp:4)
  10 swamp worms
  11 wargs
  A large abomination (Abyss:2)
  12 insubstantial wisps (Swamp:3)
  A human zombie (Depths:2)
  An acid dragon (D:14)
  33 nagas
  10 water moccasins
  A floating eye (shapeshifter) (Depths:2)
  4 hell hounds (Depths:3)
  2 spectral spriggans (Depths:3)
  A floating eye (Depths:4)
  2 spectral trolls (Depths:3)
  3 porcupines
  9 swamp drakes
  3 eyes of draining
  5 sky beasts
  A necrophage (D:11)
  6 ice beasts
  12 orc warriors
  2 phantoms
  3 black bears
  9 centaurs
  20 wolves
  19 ogres
  4 crocodiles
  5 big kobolds
  Blork the orc (D:6)
  23 bullfrogs
  2 earth elementals
  A wyvern zombie (D:14)
  2 wyvern skeletons
  A water moccasin zombie (Swamp:4)
  5 scorpions
  3 spectral ogres (Depths:3)
  6 wights
  5 killer bees (D:8)
  A spectral naga (Depths:3)
  6 electric eels
  3 spectral centaurs (Depths:3)
  10 crimson imps
  5 hounds
  A bullfrog zombie (D:8)
  2 quasits
  3 iron imps
  6 jellies
  5 orc priests
  33 orc wizards
  2 bullfrog skeletons
  A gnoll shaman (D:6)
  5 centaur skeletons
  Jessica (D:3)
  3 iguanas
  11 worker ants
  A crocodile zombie (Swamp:4)
  A hound zombie (D:9)
  5 hound skeletons
  A howler monkey zombie (D:8)
  10 gnolls
  16 adders
  2 shadow imps (D:5)
  A white imp (Abyss:2)
  6 swamp drake simulacra (Swamp:4)
  An adder zombie (D:10)
  An adder skeleton (D:6)
  2 worms
  3 leopard geckos
  81 orcs
  2 ball pythons (Lair:4)
  3 giant cockroaches
  3 goblins
  4 hobgoblins
  3 jackals (D:1)
  8 kobolds
  3 quokkas
  2 bats
  A frilled lizard (shapeshifter) (Elf:3)
  2 frilled lizards (D:1)
  A quokka skeleton (D:10)
  A rat (D:2)
  2 plants (Lair:4)
  A starspawn tentacle (Abyss:2)
1274 creatures vanquished.

Vanquished Creatures (collateral kills)
  A juggernaut (Depths:4)
  5 golden dragons
  A tentacled monstrosity (Depths:4)
  An acid blob (Slime:5)
  A shadow dragon (Depths:4)
  A nagaraja (Snake:4)
  2 tengu reavers (Depths:4)
  An azure jelly (Slime:5)
  An iron dragon (Depths:4)
  A draconian scorcher (Zot:1)
  A draconian shifter (Depths:5)
  2 vampire knights (Depths:4)
  3 green draconians
  A yellow draconian (Depths:5)
  2 purple draconians
  A red draconian (Zot:1)
  A fire dragon (Depths:5)
  A deep elf high priest (Depths:5)
  A yaktaur captain (Depths:4)
  4 ice dragons
  2 spriggan air magi
  2 deep troll shamans (Depths:4)
  A dancing weapon (Elf:1)
  An ogre mage (Depths:2)
  A deep troll earth mage (Depths:4)
  A tengu warrior (Depths:2)
  2 spriggan berserkers
  2 deep elf knights (Elf:1)
  A deep elf archer (Elf:1)
  A naga ritualist (Snake:4)
  An obsidian statue (Gauntlet)
  3 orc sorcerers (Orc:2)
  A shining eye (Slime:1)
  4 oklob plants (Snake:2)
  4 deep elf magi (Elf:2)
  A salamander (shapeshifter) (Elf:2)
  A mana viper (Snake:2)
  2 moths of wrath (Zot:1)
  A yaktaur (Depths:4)
  A freezing wraith (Swamp:4)
  17 slime creatures
  A golden eye (Slime:3)
  A neqoxec (Gauntlet)
  4 nagas (Snake:4)
  7 hydra simulacra (Swamp:4)
  A small abomination (Abyss:2)
  An orc warrior (Orc:2)
  An ogre (Depths:2)
  2 orc wizards (Orc:2)
  An orc (Orc:2)
101 creatures vanquished.

Vanquished Creatures (others)
  A deep elf knight (Elf:3)
  A deep elf archer (Elf:3)
  A moth of wrath (Zot:1)
  A naga mage (Snake:4)
  A tengu conjurer (D:14)
  A swamp worm (Swamp:3)
  A wight (Depths:3)
  A jelly (D:12)
  An adder (D:12)
  An orc (Orc:2)
  6 fungi
  11 plants
  5 starspawn tentacles (Abyss:2)
32 creatures vanquished.

Grand Total: 1407 creatures vanquished

Notes
Turn   | Place    | Note
-------+----------+-------------------------------------------
     0 | D:1      | DDFiAutism the Deep Dwarf Fighter began the quest for the
                  | Orb.
     0 | D:1      | Reached XP level 1. HP: 20/20 MP: 1/1
   116 | D:1      | Reached skill level 3 in Axes
   130 | D:1      | Reached XP level 2. HP: 22/27 MP: 2/2
   452 | D:3      | Noticed Jessica
   456 | D:3      | Killed Jessica
   456 | D:3      | Reached skill level 4 in Axes
   456 | D:3      | Reached XP level 3. HP: 24/33 MP: 3/3
   471 | D:3      | You fall into a shaft and drop 1 floor!
   476 | D:4      | Noticed Sigmund
   481 | D:5      | Entered Level 5 of the Dungeon
   504 | D:5      | Reached skill level 5 in Axes
   504 | D:5      | Reached XP level 4. HP: 19/40 MP: 4/4
   663 | D:5      | Found a staircase to the Ecumenical Temple.
   672 | Temple   | Entered the Ecumenical Temple
   679 | Temple   | Became a worshipper of Makhleb the Destroyer
   692 | D:5      | Reached skill level 1 in Invocations
   692 | D:5      | Reached XP level 5. HP: 37/46 MP: 4/6
   776 | D:5      | Reached skill level 6 in Axes
   863 | D:5      | Reached XP level 6. HP: 15/55 MP: 8/8
  1174 | D:5      | Noticed an ice beast
  1194 | D:5      | Killed an ice beast
  1194 | D:5      | Reached skill level 7 in Axes
  1194 | D:5      | Reached skill level 5 in Invocations
  1194 | D:5      | Reached XP level 7. HP: 23/61 MP: 9/9
  1322 | D:6      | Noticed Grinder
  1346 | D:6      | Killed Grinder
  1435 | D:6      | Noticed Blork the orc
  1448 | D:6      | Killed Blork the orc
  1448 | D:6      | Reached skill level 8 in Axes
  1450 | D:6      | Reached XP level 8. HP: 45/68 MP: 7/9
  1535 | D:6      | Reached * piety under Makhleb
  1763 | D:6      | Reached skill level 9 in Axes
  1999 | D:7      | Noticed a hippogriff
  2014 | D:7      | Killed a hippogriff
  2067 | D:7      | Found a sacrificial altar of Ru.
  2084 | D:7      | Reached skill level 10 in Axes
  2084 | D:7      | Gained mutation: You passively map the area around you.
                  | [Deep Dwarf growth]
  2084 | D:7      | Reached XP level 9. HP: 50/74 MP: 10/10
  2153 | D:7      | Reached skill level 10 in Invocations
  2582 | D:8      | Found a basalt altar of Yredelemnul.
  2582 | D:8      | Found an ancient bone altar of Kikubaaqudgha.
  2643 | D:8      | Reached ** piety under Makhleb
  3021 | D:8      | Reached skill level 11 in Axes
  3025 | D:8      | Killed an unseen horror
  3336 | D:8      | Found a radiant altar of Vehumet.
  3336 | D:8      | Found a stormy altar of Qazlal.
  3337 | D:8      | Found a hazy altar of Hepliaklqana.
  3790 | D:9      | Reached XP level 10. HP: 80/81 MP: 10/10
  3914 | D:9      | Reached skill level 12 in Axes
  4109 | D:9      | Reached *** piety under Makhleb
  4112 | D:9      | Reached skill level 1 in Dodging
  4112 | D:9      | Reached skill level 1 in Evocations
  4129 | D:9      | Found Suske's Jewellery Boutique.
  4376 | D:10     | Entered Level 10 of the Dungeon
  4412 | D:10     | Noticed Grum
  4421 | D:10     | Killed Grum
  4425 | D:10     | Noticed Maggie
  4433 | D:10     | Killed Maggie
  4868 | D:10     | Noticed Josephine
  4887 | D:10     | Reached skill level 5 in Evocations
  4901 | D:10     | Killed Josephine
  4901 | D:10     | Reached skill level 13 in Axes
  4901 | D:10     | Reached XP level 11. HP: 87/88 MP: 10/10
  4907 | D:10     | Reached **** piety under Makhleb
  4950 | D:10     | Reached skill level 5 in Dodging
  5048 | D:10     | Killed an unseen horror
  5456 | D:11     | Noticed a two-headed ogre
  5457 | D:11     | Noticed Snorg
  5565 | D:12     | Noticed a red ugly thing
  5591 | D:12     | Killed a red ugly thing
  5784 | D:12     | Found Jaazxoh's Antique Armour Boutique.
  5792 | D:12     | Bought a pair of gloves for 162 gold pieces
  5957 | D:12     | Found a shimmering blue altar of Sif Muna.
  6023 | D:12     | Found Xog Netz's Weapon Emporium.
  6067 | D:12     | Found Muag Pinkuch's Antique Armour Boutique.
  6072 | D:12     | Bought an embroidered scarf for 272 gold pieces
  6155 | D:12     | Noticed a two-headed ogre
  6158 | D:12     | Killed a two-headed ogre
  6261 | D:12     | Killed an unseen horror
  6335 | D:12     | Noticed a two-headed ogre
  6338 | D:12     | Killed a two-headed ogre
  6338 | D:12     | Reached skill level 14 in Axes
  6347 | D:12     | Found a gateway to a bazaar.
  6417 | D:13     | Reached skill level 10 in Evocations
  6523 | D:13     | Noticed a seven-headed hydra
  6544 | D:13     | Killed a seven-headed hydra
  6544 | D:13     | Reached XP level 12. HP: 31/96 MP: 4/9
  6788 | D:13     | Noticed a two-headed ogre
  6799 | D:13     | Killed a two-headed ogre
  6987 | D:13     | Reached skill level 15 in Axes
  6988 | D:13     | Reached ***** piety under Makhleb
  6996 | D:13     | Noticed a vault guard
  7009 | D:13     | Cast into level 2 of the Abyss (a wizard)
  7014 | Abyss:2  | Found a corrupted altar of Lugonu.
  7135 | Abyss:2  | Noticed a purple draconian
  7156 | Abyss:2  | Killed a purple draconian
  7280 | Abyss:2  | Found a corrupted altar of Lugonu.
  7511 | Abyss:2  | Noticed a tentacled starspawn
  7521 | Abyss:2  | Killed a tentacled starspawn
  7528 | Abyss:2  | Noticed a starcursed mass
  7541 | Abyss:2  | Noticed a tentacled starspawn
  7567 | D:13     | Escaped the Abyss
  7571 | D:13     | Reached skill level 16 in Axes
  7582 | D:13     | Killed a vault guard
  7582 | D:13     | Reached XP level 13. HP: 82/102 MP: 6/6
  7834 | D:13     | Found a gate to the Vaults.
  8130 | D:14     | Found Fuyluy's Magic Scroll Shoppe.
  8136 | D:14     | Bought a scroll of teleportation for 39 gold pieces
  8136 | D:14     | Bought a scroll of teleportation for 39 gold pieces
  8136 | D:14     | Bought a scroll of teleportation for 39 gold pieces
  8136 | D:14     | Bought a scroll of fog for 26 gold pieces
  8136 | D:14     | Bought a scroll of immolation for 45 gold pieces
  8136 | D:14     | Bought a scroll of identify for 26 gold pieces
  8532 | D:14     | Reached skill level 15 in Evocations
  8544 | D:14     | Reached skill level 17 in Axes
  8729 | D:14     | Identified the +5 scale mail "Geurown" {+Inv MR- Str+2}
                  | (You found it on level 14 of the Dungeon)
  8878 | D:15     | Entered Level 15 of the Dungeon
  9000 | D:11     | Killed Snorg
  9025 | D:11     | Reached ****** piety under Makhleb
  9111 | D:11     | Found a staircase to the Lair.
  9423 | D:10     | Found a staircase to the Orcish Mines.
  9434 | D:10     | Found an iron altar of Okawaru.
  9628 | Orc:1    | Entered Level 1 of the Orcish Mines
  9693 | Orc:1    | Noticed an ettin
  9705 | Orc:1    | Killed an ettin
  9705 | Orc:1    | Gained mutation: You resist negative energy. (rN+) [Deep
                  | Dwarf growth]
  9705 | Orc:1    | Reached XP level 14. HP: 72/109 MP: 8/8
 10216 | Orc:2    | Entered Level 2 of the Orcish Mines
 10249 | Orc:2    | Found a staircase to the Elven Halls.
 10410 | Orc:2    | Identified the +3 kite shield of Feffucs {MR- Str+8 Int-5
                  | Dex+6}
 10410 | Orc:2    | Noticed Donald
 10411 | Orc:2    | Found Gefa's Magic Scroll Emporium.
 10423 | Orc:2    | Killed Donald
 10445 | Orc:2    | Bought a scroll of acquirement for 520 gold pieces
 10445 | Orc:2    | Bought 2 scrolls of identify for 40 gold pieces
 10445 | Orc:2    | Bought a scroll of blinking for 75 gold pieces
 10446 | Orc:2    | Got the +5 executioner's axe of the Ring {speed, *Rage rC+
                  | Dex+2}
 10497 | Orc:2    | Reached skill level 18 in Axes
 10517 | Orc:2    | Paralysed by an orc sorcerer for 6 turns
 10539 | Orc:2    | Found a roughly hewn altar of Beogh.
 10676 | Orc:2    | Found Lohetoif's Antique Armour Emporium.
 10735 | Orc:2    | Bought a pair of ichor-stained gloves for 285 gold pieces
 10745 | Orc:2    | Identified the +2 pair of gloves of the Evening {rElec MP+9
                  | Stlth+} (You bought it in a shop on level 2 of the Orcish
                  | Mines)
 10813 | Orc:2    | Found Zeosohie's Gadget Boutique.
 10833 | Orc:2    | Noticed Nessos
 10843 | Orc:2    | Killed Nessos
 10955 | Orc:2    | Found Weti's Book Boutique.
 10955 | Orc:2    | Found Wumixo's Armour Emporium.
 11380 | Lair:1   | Entered Level 1 of the Lair of Beasts
 11626 | Lair:1   | Identified the +5 war axe "Demonslayer" {protect, *Noise
                  | Str+3 Int+4} (You found it on level 1 of the Lair of
                  | Beasts)
 12868 | Lair:2   | Noticed Urug
 12877 | Lair:2   | Killed Urug
 13263 | Lair:3   | Noticed Befuwnopp's ghost (journeyman TrHu)
 13271 | Lair:3   | Found a transporter.
 13273 | Lair:3   | Found a transporter.
 13300 | Lair:3   | Found a gate leading to a gauntlet.
 13314 | Gauntlet | Entered a Gauntlet
 13314 | Gauntlet | Found a transporter.
 13315 | Gauntlet | Found a runed translucent gate.
 13315 | Gauntlet | Found a runed translucent gate.
 13316 | Gauntlet | Found a runed translucent gate.
 13317 | Gauntlet | Found a transporter.
 13325 | Gauntlet | Found a transporter.
 13326 | Gauntlet | Found a transporter.
 13378 | Gauntlet | Found a transporter.
 13378 | Gauntlet | Found a transporter.
 13378 | Gauntlet | Found a transporter.
 13381 | Gauntlet | Found a runed translucent door.
 13382 | Gauntlet | Found a runed translucent door.
 13384 | Gauntlet | Found a transporter.
 13384 | Gauntlet | Found a transporter.
 13384 | Gauntlet | Found a transporter.
 13397 | Gauntlet | Found a transporter.
 13397 | Gauntlet | Found a transporter.
 13397 | Gauntlet | Found a transporter.
 13429 | Gauntlet | Found a transporter.
 13675 | Gauntlet | Identified the Catalogue of the Voyage and the Mountains
 14131 | Lair:3   | Found a staircase to the Swamp.
 14341 | Lair:4   | Found a staircase to the Snake Pit.
 14360 | Snake:1  | Entered Level 1 of the Snake Pit
 14362 | Snake:1  | Found Pugo's Jewellery Shoppe.
 14388 | Snake:1  | Bought an uncursed ring of poison resistance for 220 gold
                  | pieces
 15300 | Snake:2  | Reached XP level 15. HP: 83/117 MP: 9/9
 15865 | Snake:2  | Reached skill level 5 in Fighting
 15917 | Snake:2  | Reached skill level 10 in Dodging
 16068 | Snake:4  | Entered Level 4 of the Snake Pit
 16299 | Snake:4  | Noticed a nagaraja
 16324 | Snake:4  | Killed a nagaraja
 16556 | Snake:4  | Noticed a nagaraja
 16558 | Snake:4  | Noticed a nagaraja
 16566 | Snake:4  | Killed a nagaraja
 16567 | Snake:4  | Noticed a nagaraja
 16579 | Snake:4  | Killed a nagaraja
 16583 | Snake:4  | Killed a nagaraja
 16684 | Snake:4  | Got a serpentine rune of Zot
 16698 | Snake:4  | Noticed a nagaraja
 16708 | Snake:4  | Killed a nagaraja
 16928 | Swamp:1  | Entered Level 1 of the Swamp
 17011 | Swamp:1  | Reached XP level 16. HP: 141/141 MP: 8/8
 17148 | Swamp:1  | You fall into a shaft and drop 1 floor!
 17597 | Swamp:4  | Entered Level 4 of the Swamp
 17739 | Swamp:4  | Reached skill level 10 in Fighting
 17745 | Swamp:4  | Noticed a thorn hunter
 17868 | Swamp:4  | Killed a thorn hunter
 18107 | Swamp:4  | Got a decaying rune of Zot
 18247 | Swamp:1  | Noticed Nikola
 18254 | Swamp:1  | Killed Nikola
 18469 | Elf:1    | Entered Level 1 of the Elven Halls
 18991 | Elf:2    | Found a huge runed translucent gate.
 18991 | Elf:2    | Found a huge runed translucent gate.
 18991 | Elf:2    | Found a huge runed translucent gate.
 19139 | Elf:3    | Entered Level 3 of the Elven Halls
 19194 | Elf:3    | Reached XP level 17. HP: 110/157 MP: 10/10
 19416 | Elf:3    | Found Wophem's Gadget Emporium.
 19424 | Elf:3    | Bought a wand of paralysis (6) for 104 gold pieces
 19768 | Elf:3    | Reached skill level 19 in Axes
 19857 | Elf:3    | Reached skill level 5 in Shields
 19963 | Elf:3    | Noticed a deep elf blademaster
 19983 | Elf:3    | Noticed a deep elf blademaster
 19990 | Elf:3    | Killed a deep elf blademaster
 19996 | Elf:3    | Killed a deep elf blademaster
 20104 | Elf:3    | Noticed a deep elf master archer
 20114 | Elf:3    | Killed a deep elf master archer
 20115 | Elf:3    | Noticed a deep elf master archer
 20117 | Elf:3    | Noticed a deep elf master archer
 20123 | Elf:3    | Killed a deep elf master archer
 20124 | Elf:3    | Killed a deep elf master archer
 20136 | Elf:3    | Noticed a deep elf master archer
 20143 | Elf:3    | Killed a deep elf master archer
 20143 | Elf:3    | Reached skill level 20 in Axes
 20207 | Elf:3    | Gained mutation: You passively map a large area around you.
                  | [Deep Dwarf growth]
 20207 | Elf:3    | Reached XP level 18. HP: 150/165 MP: 11/11
 20249 | Elf:3    | Identified the +1 chain mail "Suut" {+Blink rPois rN+} (You
                  | found it on level 3 of the Elven Halls)
 20276 | Elf:3    | Identified the amulet "Alycu" {Acrobat rF++ rC+ Str-4
                  | Dex+2}
 20311 | Elf:3    | Got an encrusted broad axe
 20313 | Elf:3    | Identified the +11 broad axe "Undertaker" {vorpal, rF+}
                  | (You found it on level 3 of the Elven Halls)
 20314 | Elf:3    | Okay
 20318 | Elf:3    | Identified the Incunabulum of Unstable Beguiling
 20322 | Elf:3    | Got a pair of bloodstained boots
 20328 | Elf:3    | Identified the +1 pair of boots of Erutrielonn {*Contam MR+
                  | Stlth+} (You found it on level 3 of the Elven Halls)
 20380 | Elf:3    | Identified Sif Muna's Disquisition on Orientation and
                  | Curses
 20765 | Bazaar   | Entered a bazaar
 20770 | Bazaar   | Found Ydweamm's Food Shop.
 20791 | Bazaar   | Found Wonlur's Weapon Boutique.
 20791 | Bazaar   | Found Ygaat's Jewellery Boutique.
 20818 | Bazaar   | Found Teynaris's General Store.
 20826 | Bazaar   | Bought 7 curare-tipped darts for 50 gold pieces
 21060 | Lair:4   | Reached skill level 15 in Invocations
 21291 | Lair:5   | Found a viscous altar of Jiyva.
 21291 | Lair:5   | Found a staircase to the Slime Pits.
 21322 | Slime:1  | Entered Level 1 of the Pits of Slime
 22203 | Slime:5  | Entered Level 5 of the Pits of Slime
 22208 | Slime:5  | Reached skill level 21 in Axes
 22304 | Slime:5  | Found a viscous altar of Jiyva.
 22305 | Slime:5  | Noticed the Royal Jelly
 22342 | Slime:5  | Killed the Royal Jelly
 22342 | Slime:5  | Reached skill level 10 in Shields
 22363 | Slime:5  | Reached XP level 19. HP: 172/172 MP: 12/12
 22419 | Slime:5  | Identified the Reference Book on Damaging Evil Arts
 22427 | Slime:5  | Got a slimy rune of Zot
 22460 | Slime:5  | Got an ichor-stained chain mail
 22471 | Slime:5  | Identified the +2 chain mail "Soizesu" {rC++} (You found it
                  | on level 5 of the Pits of Slime)
 22486 | Slime:5  | Got a coiled ivory ring
 22487 | Slime:5  | Identified the ring "Jeuc" {*Tele *Slow rF+ Int-5 Dex+7}
                  | (You found it on level 5 of the Pits of Slime)
 22492 | Slime:5  | Got a shimmering glass ring
 22493 | Slime:5  | Identified the ring "Silait" {rF+ rC+ Str-2 Int+2 Stlth+}
                  | (You found it on level 5 of the Pits of Slime)
 22882 | D:15     | Noticed Jorgrun
 22900 | D:15     | Killed Jorgrun
 23107 | D:15     | Noticed Kirke
 23119 | D:15     | Killed Kirke
 23208 | D:15     | Found a staircase to the Depths.
 23247 | Depths:1 | Entered Level 1 of the Depths
 23306 | Depths:1 | Reached skill level 22 in Axes
 23671 | Depths:2 | Found a one-way gate to the infinite horrors of the Abyss.
 23674 | Depths:2 | Found a gateway to Hell.
 23767 | Depths:2 | Found a portal to a secret trove of treasure.
 23910 | Depths:2 | Reached XP level 20. HP: 176/181 MP: 13/13
 24031 | Depths:2 | Found the +8 arc blade {discharge, rElec}
 24038 | Depths:2 | LOL
 24066 | Depths:3 | Reached skill level 23 in Axes
 24455 | Depths:4 | Noticed a juggernaut
 24462 | Depths:4 | Killed a juggernaut
 24480 | Depths:4 | Noticed a golden dragon
 24511 | Depths:4 | Killed a golden dragon
 24538 | Depths:4 | Paralysed by a floating eye for 4 turns
 24658 | Depths:4 | Reached skill level 24 in Axes
 24711 | Depths:4 | Noticed a juggernaut
 24733 | Depths:4 | Killed a juggernaut
 24750 | Depths:4 | Reached XP level 21. HP: 187/187 MP: 15/15
 24916 | Depths:5 | Entered Level 5 of the Depths
 24920 | Depths:5 | Found Ricviroibb's Food Emporium.
 25000 | Depths:5 | Found Jejiff's Food Shoppe.
 25047 | Depths:5 | Found a gate to the Realm of Zot.
 25047 | Depths:5 | Noticed a golden dragon
 25066 | Depths:5 | Killed a golden dragon
 25107 | Zot:1    | Entered Level 1 of the Realm of Zot
 25114 | Zot:1    | Noticed a golden dragon
 25128 | Zot:1    | Noticed a golden dragon
 25145 | Zot:1    | Noticed a golden dragon
 25155 | Zot:1    | Killed a golden dragon
 25173 | Zot:1    | Killed a golden dragon
 25173 | Zot:1    | Reached skill level 25 in Axes
 25185 | Zot:1    | Killed a golden dragon
 25187 | Zot:1    | Noticed a curse toe
 25196 | Zot:1    | Killed a curse toe
 25589 | Zot:2    | Noticed a golden dragon
 25603 | Zot:2    | Killed a golden dragon
 25607 | Zot:2    | Noticed a curse toe
 25608 | Zot:2    | Slain by a red draconian monk

Illustrated notes ######################## #$[..$}?$.[('#.#'..)(... **#[.:[$@.|:##)).##}..)[) **,##|=["?:$##.....##[|.[| **,,,##)[([?##.......##)[.. *,,,,,##}$$##.........##[[. **,,,,.##!##...........##[# **,,,..###......#......### **,,...#..)...###......#, **..........## *#......, *#..........###.....,,, Turn 20314 on Elf:3: Okay

.# ##..###.#####. * .###
##..##.....## , ...#
##..##...#...##*, *
...### #..##.........##,
*
....>###.##....###....##
*
.........#.............#
..(......#...#.#}#.#...#
*
...........#.#.[}|.#.#..
.........#...#.#@#.#...#
.........#.............#
.........##....###....##
..........##.........##
...........##...#...##
#.^.. , ,, ,##.. ..##
...., , ### ### ,* * , ,
, * , * ,*


Turn 24038 on Depths:2: LOL

Levels and vault maps discovered:
D:1:      ncdulo_halloftheorcs, layout_rooms, st_stairs_2,
          chequers_serial_rivers_micro_c
D:2:      layout_basic, first_ration
D:3:      layout_rooms, serial_glass, glass_columns_b, glass_columns_a,
          glass_columns_a, glass_columns_a, glass_columns_a, glass_columns_c,
          due_unseen_surprise, uniq_jessica
D:4:      layout_gridville, cheibrodos_sewer_entry_sluice, uniq_natasha,
          uniq_sigmund, uniq_robin
D:5:      layout_loops_ring, temple_hall
D:6:      layout_rooms, serial_glass, glass_columns_c, glass_columns_b,
          uniq_blork_the_orc, uniq_grinder
D:7:      layout_basic, nicolae_ru_awakened_eye
D:8:      layout_layer_cave, minitemple
D:9:      layout_gridville, serial_shops, shop, grunt_ogre_cave
D:10:     minmay_imperfect_grid, layout_basic, orc_0_dummy,
          okawaru_ov_weapons_minmay, uniq_grum, uniq_maggie, uniq_josephine
D:11:     layout_big_octagon, lair_entry_dummy, uniq_snorg
D:12:     layout_long_grid, serial_shops, freezing_bzr, kennysheep_little_box,
          nicolae_shop_crystal, shop, tgw_sif
D:13:     layout_basic, grunt_vaults_entry_tiered
D:14:     layout_basic, serial_shops, shop_coins, serial_corexii_hall,
          corexii_hall_statues_t, corexii_hall_statues_u, grunt_decor_fettered,
          minmay_misc_feat_more_columns, hangedman_corner_corridor
D:15:     hangedman_depths_entry_try_elsewhere_first, layout_irregular_city,
          gammafunk_ghost_grave, uniq_jorgrun, uniq_kirke
Temple:   eino_temple_rhombus
Lair:1:   layout_cave_pods
Lair:2:   layout_hall_layers, uniq_urug
Lair:3:   layout_chaotic_city, nicolae_swamp_entry_splash_gauntlet,
          gauntlet_entry_generic, gammafunk_ghost_hive
Lair:4:   layout_roguey, minmay_snake_entry_six_corridors
Lair:5:   layout_layer_cave, slime_altar_1, grunt_megastairs_2,
          serial_bayou_shore_a
Swamp:1:  layout_basic_swamp, evilmike_swamp_ruin_rubble_2,
          hangedman_swamp_blocks, swamp_pool3, uniq_nikola
Swamp:2:  layout_basic_swamp, nicolae_swamp_feature_on_the_river_bank
Swamp:3:  layout_falls_marsh, lemuel_altar_in_water
Swamp:4:  swamp_icy, layout_basic_swamp, nicolae_swamp_necromancer_hut
Snake:1:  layout_layer_cave, serial_shops, shop, grunt_megastairs_1,
          lemuel_fruit_tree
Snake:2:  dpeg_oklob_gauntlet, layout_gridlike
Snake:3:  layout_onion, uniq_vashnia, uniq_bai_suzhen
Snake:4:  minmay_snake_end_coiled, layout_basic, st_stairs_9,
          grunt_megastairs_3, uniq_aizul
Slime:1:  layout_caves, nicolae_slime_barrier
Slime:2:  layout_caves
Slime:3:  layout_caves
Slime:4:  cheibrodos_slime_lost_civilization_3, layout_caves
Slime:5
Orc:1:    layout_caves
Orc:2:    st_orc_town, layout_caves, serial_shops, nicolae_shop_stone,
          uniq_nessos, uniq_donald
Elf:1:    elf_arrival_001, layout_geoelf_octagon, kennysheep_underground_church
Elf:2:    layout_geoelf_octagon
Elf:3:    minmay_elf_hall_four_x, layout_gridlike, serial_shops,
          nicolae_shop_stone, lemuel_flamethrower_hall
Depths:1: layout_cave_pools, kennysheep_another_room, hellmouth_1, minivault_10,
          grunt_ministairs_12, hangedman_decor_lopped, dispersion_dpeg
Depths:2: minmay_shoctagon, layout_cave_shapes, abyss_entry, hell_entry,
          hangedman_decor_slide_cut, nicolae_trove_entry_columns,
          muffindrake_ghost_three_little_ghosts, drop_trap, grunt_ministairs_15,
          st_stairs_10, onia_ninara_cookie, infiniplex_staircase_zigzag_1
Depths:3: lemuel_river_lethe, pan_entry, hell_entry
Depths:4: minmay_the_grid_four_pointed_star_mashed
          [minmay_the_grid_triangle_9x9_descending_squares,
          minmay_the_grid_triangle_9x9_semitri,
          minmay_the_grid_triangle_9x9_negative_grid,
          minmay_the_grid_triangle_9x9_from_above,
          minmay_the_grid_prize_four_corners], layout_cave_pools, abyss_entry,
          hangedman_tar_grid_catacomb, minmay_tree_intersection
Depths:5: grunt_zot_entry_tricorne, layout_gridville, hell_entry,
          nrook_mini_vaults, serial_shops, shop, nicolae_shop_crystal,
          shop_fountains, nicolae_shop_trees, shop, minmay_shop_grove
Zot:1:    layout_onion_interference, grunt_megastairs_4
Zot:2:    layout_gridlike, hangedman_snake_sidewinding

Skill      XL: |  1  2  3  4  5  6  7  8  9 10 11 12 13 14 15 16 17 18 19 20 21 |
---------------+----------------------------------------------------------------+-----
Axes           | 3 4 5 6 7 8 10 11 13 14 16 17 18 20 21 22 24 25 | 25.5
Invocations    | 1 3 5 7 9 10 12 13 14 16 17 18 | 18.5
Armour         | 6 7 9 |  9.3
Dodging        | 4 6 8 11 | 11.1
Evocations     | 5 10 13 16 17 19 20 21 | 21.3
Fighting       | 3 8 11 | 11.3
Shields        | 7 10 12 | 12.8

Action                   |  1- 3 |  4- 6 |  7- 9 | 10-12 | 13-15 | 16-18 | 19-21 || total
-------------------------+-------+-------+-------+-------+-------+-------+-------++-------
Melee: War axe           |   103 |   118 |   335 |   539 |   864 |       |       ||  1959
       Morningstar       |       |       |       |     5 |       |       |       ||     5
       Executioner's axe |       |       |       |       |    42 |       |       ||    42
       Broad axe         |       |       |       |       |   386 |   944 |   914 ||  2244
Throw: Throwing net      |       |       |     1 |     3 |       |     2 |       ||     6
       Dart              |       |       |       |       |       |       |     1 ||     1
Invok: Greater Servant o |       |       |       |       |     7 |    12 |    11 ||    30
       Lesser Servant of |       |       |       |       |     1 |     4 |       ||     5
 Abil: Heal Wounds       |       |     6 |    19 |    21 |    10 |     9 |     6 ||    71
Evoke: Wand              |       |     1 |     9 |    43 |    38 |    22 |     5 ||   118
       Tin of tremorston |       |       |       |     5 |     4 |    17 |    21 ||    47
       Box of beasts     |       |       |       |     1 |       |       |       ||     1
       Lightning rod     |       |       |       |       |     2 |     3 |       ||     5
       Phantom mirror    |       |       |       |       |       |     1 |       ||     1
  Use: Scroll            |     2 |       |    13 |     9 |    19 |    11 |     6 ||    60
       Potion            |       |       |     1 |     3 |     7 |     5 |     1 ||    17
 Stab: Held in net/web   |       |       |     1 |     1 |       |     1 |       ||     3
       Paralysed         |       |       |     5 |       |    16 |       |     2 ||    23
       Confused          |       |       |       |       |     3 |       |       ||     3
       Distracted        |       |       |       |       |     3 |     8 |     6 ||    17
  Eat: Chunk             |       |     1 |     6 |     9 |    15 |     2 |       ||    33
       Ration            |       |       |     1 |     3 |     5 |     6 |     2 ||    17
Armor: Scale mail        |    57 |    37 |    24 |       |       |       |       ||   118
       Plate armour      |       |       |   266 |    57 |   242 |   375 |     5 ||   945
       Swamp dragon scal |       |       |       |   146 |   248 |       |       ||   394
       Skin              |       |       |       |       |     2 |       |       ||     2
       Chain mail        |       |       |       |       |       |       |   352 ||   352
Dodge: Dodged            |    43 |    25 |    84 |   209 |   336 |   237 |   281 ||  1215
Block: Kite shield       |    53 |    49 |   218 |   346 |   917 |   367 |       ||  1950
       Reflection        |       |       |       |     7 |    85 |    38 |       ||   130
       Other             |       |       |       |       |     5 |       |       ||     5
       Tower shield      |       |       |       |       |       |   355 |   862 ||  1217
